 Dungeon Crawl Stone Soup version 0.29.1-2-gbd0b4ee654 (webtiles) character file.

Game seed: 9368060000210462403

347 GorkyZ the Trooper (level 6, -3/49 HPs)
             Began as a Demonspawn Fighter on Nov 20, 2022.
             Slain by an ice beast (14 damage)
             ... on level 5 of the Dungeon.
             The game lasted 00:06:51 (2307 turns).

GorkyZ the Trooper (Demonspawn Fighter)             Turns: 2307, Time: 00:06:51

Health: -3/49      AC: 13    Str: 19    XL:     6   Next: 32%
Magic:  6/6        EV:  9    Int:  9    God:
Gold:   127        SH:  4    Dex: 12    Spells: 5/5 levels left

rFire   . . .      SeeInvis .   p - +0 hand axe
rCold   . . .      Faith    .   c - +0 buckler
rNeg    . . .      Spirit   .   b - +0 scale mail
rPois   .          Reflect  .   u - +2 hat
rElec   .          Harm     .   (no cloak)
rCorr   .          Rampage  .   (no gloves)
Will    .....                   (no boots)
Stlth   ..........              (no amulet)
HPRegen 0.16/turn               l - +4 ring of protection
MPRegen 0.10/turn               (no ring)

@: no status effects
A: horns 2, rugged brown scales 1, foul stench 1
a: no special abilities


You were on level 5 of the Dungeon.
You visited 1 branch of the dungeon, and saw 4 of its levels.

You collected 127 gold pieces.

Inventory:

Hand Weapons
 a - a +0 war axe
 p - a +0 hand axe (weapon)
Armour
 b - a +0 scale mail (worn)
 c - a +0 buckler (worn)
 u - a +2 hat (worn)
Jewellery
 i - a ring of ice
 l - a +4 ring of protection (left hand)
Scrolls
 j - a scroll of immolation {unknown}
 m - a scroll of teleportation {unknown}
 n - 2 scrolls of identify {unknown}
 s - a scroll of blinking {unknown}
 t - a scroll of vulnerability {unknown}
Potions
 d - a potion of might
 e - a potion of brilliance {unknown}
 f - 2 potions of haste {unknown}
 g - 2 potions of curing {unknown}
 h - 2 potions of magic {unknown}
 k - a potion of degeneration {unknown}
 o - 2 potions of cancellation {unknown}
 r - 2 potions of heal wounds


   Skills:
 + Level 3.9 Fighting
 + Level 2.7 Axes
 * Level 2.8 Throwing
 + Level 3.6 Armour
 + Level 3.4 Shields
 + Level 1.9 Evocations


You had 5 spell levels left.
You didn't know any spells.
Your spell library was empty.

Dungeon Overview and Level Annotations

Branches:
Dungeon (5/15)
 Temple: D:4-7

Altars:
Uskayaw


Innate Abilities, Weirdness & Mutations

You have a pair of horns on your head.
You are partially covered in rugged brown scales. (AC +1, +3% HP)
You may rarely emit foul miasma when damaged in melee.


Message History

You barely miss the black bear.
The black bear is almost dead.
The black bear bites you.
The black bear claws you but does no damage. x2
The black bear closely misses you. x2; The black bear barely misses you.
You hit the black bear.
The black bear is almost dead.
The black bear bites you but does no damage.
The black bear claws you but does no damage.
The black bear claws you. The black bear bites you.
You block the black bear's attack.
The black bear claws you but does no damage.
You hit the black bear.
You kill the black bear!
You have reached level 6!
Your demonic ancestry asserts itself...
Rugged brown scales grow over part of your body.
You start resting.
A black bear comes into view.
A black bear is nearby!
An ice beast comes into view.
Found a stone staircase leading up.
The black bear growls angrily.
You see here a black bear corpse.
You hit the ice beast.
The ice beast is lightly wounded.
The ice beast hits you. The ice beast freezes you!
* * * LOW HITPOINT WARNING * * *
You hit the ice beast.
The ice beast is moderately wounded.
The ice beast barely misses you.
You slash the ice beast!
The ice beast is heavily wounded.
The ice beast closely misses you.
You closely miss the ice beast.
The ice beast is heavily wounded.
The ice beast hits you.
* * * LOW HITPOINT WARNING * * *
The ice beast freezes you!
You die...

.....#.# #....#
...#.# #....#
######.#.####....#
...Y.............#
.......#.#..#...##
########†#..#...#
#h#..#...#
#Y#..#...#
#@#..##### #.#..#
#.#..# #.# #.# ..#
..# #... ##..


You could see a black bear and an ice beast.

Vanquished Creatures
  A black bear (D:5)
  A scorpion (D:4)
  An orc priest (D:4)
  3 orc wizards (D:4)
  Robin (D:4)
  2 adders (D:2)
  A worm (D:4)
  A dart slug (D:1)
  4 orcs (D:4)
  9 endoplasms
  2 giant cockroaches
  15 goblins
  7 hobgoblins
  6 jackals
  7 kobolds
  A quokka (D:4)
  5 ball pythons (D:1)
  5 bats
  3 frilled lizards (D:1)
75 creatures vanquished.

Notes
Turn   | Place    | Note
-------+----------+-------------------------------------------
     0 | D:1      | GorkyZ the Demonspawn Fighter began the quest for the Orb.
     0 | D:1      | Reached XP level 1. HP: 18/18 MP: 1/1
   186 | D:1      | Gained mutation: You have a pair of small horns on your
                  | head. [demonic ancestry]
   186 | D:1      | Reached XP level 2. HP: 19/24 MP: 2/2
   493 | D:1      | Reached skill level 1 in Throwing
   668 | D:1      | Gained mutation: You have a pair of horns on your head.
                  | [demonic ancestry]
   668 | D:1      | Reached XP level 3. HP: 28/29 MP: 3/3
   949 | D:2      | Found a faded altar of an unknown god.
  1312 | D:2      | You fall into a shaft and drop 2 floors!
  1324 | D:4      | Reached XP level 4. HP: 34/35 MP: 4/4
  1347 | D:4      | Found a hide-covered altar of Uskayaw.
  1373 | D:4      | Reached skill level 1 in Evocations
  1554 | D:4      | Noticed Robin
  1570 | D:4      | Killed Robin
  1654 | D:4      | Noticed a scorpion
  1666 | D:4      | Killed a scorpion
  1667 | D:4      | Gained mutation: You may rarely emit foul miasma when
                  | damaged in melee. [demonic ancestry]
  1667 | D:4      | Reached XP level 5. HP: 41/41 MP: 5/5
  2242 | D:5      | Entered Level 5 of the Dungeon
  2274 | D:5      | Noticed a black bear
  2284 | D:5      | Killed a black bear
  2285 | D:5      | Gained mutation: You are partially covered in rugged brown
                  | scales. (AC +1, +3% HP) [demonic ancestry]
  2285 | D:5      | Reached XP level 6. HP: 25/49 MP: 6/6
  2294 | D:5      | Noticed an ice beast
  2307 | D:5      | Slain by an ice beast

Illustrated notes

Levels and vault maps discovered:
D:1:      psy_arrival_terrarium, layout_loops_ring
D:2:      layout_basic, serial_shops, shop, basic_altar,
          shapermc_ecumenical_altar_venn, uniq_sigmund
D:4:      layout_loops_ring, old_standard_altar, uniq_robin
D:5:      layout_basic, general_overflow_altar,
          beargit_hepliaklqana_dungeon_heroes, minmay_misc_feat_doors

Skill      XL: |  1  2  3  4 |
---------------+-------------+-----
Throwing       | 1 2 |  2.8
Axes           | 2 |  2.7
Armour         | 3 |  3.6
Evocations     | 1 |  1.9
Shields        | 3 |  3.4
Fighting       | |  3.9

Action                   |  1- 3 |  4- 6 || total
-------------------------+-------+-------++-------
Melee: War axe           |   104 |    10 ||   114
       Headbutt          |    11 |     9 ||    20
       Hand axe          |       |    90 ||    90
Throw: Boomerang         |       |     1 ||     1
Armor: Scale mail        |    53 |    61 ||   114
Dodge: Dodged            |    56 |    39 ||    95
Block: Buckler           |    18 |    25 ||    43
